 Dungeon Crawl Stone Soup version 0.31-a0-1589-g8f5e8aebd6 (webtiles) character file.

Game seed: 11915105557428130072

7090 voltaire321 the Apothecary (level 10, 0/77 HPs)
             Began as a Demonspawn Alchemist on Jan 6, 2024.
             Was a Priest of Wu Jian.
             Killed by vampiric draining
             ... invoked by a vampire
              (17 damage)
             ... on level 10 of the Dungeon.
             The game lasted 00:29:32 (9995 turns).

voltaire321 the Apothecary (Demonspawn Alchemist)   Turns: 9995, Time: 00:29:33

Health: 0/77       AC: 12    Str: 14    XL:     10   Next: 84%
Magic:  15/19      EV: 16    Int: 15    God:    Wu Jian [***...]
Gold:   370        SH:  9    Dex: 13    Spells: 6/21 levels left

rFire   + + .        k - +8 mace of Kigease {drain, ^Contam *Corrode +Blink rElec}
rCold   + . .        p - +0 buckler
rNeg    . . .        Q - +0 steam dragon scales
rPois   .            g - +2 hat
rElec   +            s - +0 cloak
rCorr   .            t - +0 pair of gloves
SInv    .            F - +0 pair of boots
Will    .....        L - amulet of reflection
Stlth   ++           m - ring of protection from fire
HPRegen 0.32/turn    j - ring "Pisies" {rElec rF+ rC+}
MPRegen 0.16/turn

%: corrode self (3%), reflection
@: no status effects
A: repulsion field 1, foul stench 2, demonic magic 1, weakness stinger 1
a: Renounce Religion, Evoke Blink, Wall Jump, Serpent's Lash


You were on level 10 of the Dungeon.
You worshipped Wu Jian.
Wu Jian was most pleased with you.
You visited 1 branch of the dungeon, and saw 10 of its levels.
You also visited: Sewer.

You collected 370 gold pieces.

Inventory:

Hand Weapons
 c - a +2 scimitar
 i - a +1 demon whip of venom
 k - the +8 mace of Kigease (weapon) {drain, ^Contam *Corrode +Blink rElec}
   (You found it on level 2 of the Dungeon)

   rElec:     It insulates you from electricity.
   +Blink:    It lets you blink.
   ^Contam:   It causes magical contamination when unequipped.
   *Corrode:  It may corrode you when you take damage.
Missiles
 M - a throwing net
Armour
 g - a +2 hat (worn)
 p - a +0 buckler (worn)
 s - a +0 cloak (worn)
 t - a +0 pair of gloves (worn)
 F - a +0 pair of boots (worn)
 Q - +0 steam dragon scales (worn)
Magical Staves
 H - a staff of conjuration
 I - a staff of air
Jewellery
 j - the ring "Pisies" (right hand) {rElec rF+ rC+}
   (You acquired it on level 7 of the Dungeon)

   [ring of protection from cold]

   rF+:       It protects you from fire.
   rC+:       It protects you from cold.
   rElec:     It insulates you from electricity.
 m - a ring of protection from fire (left hand)
 K - a ring of positive energy
 L - an amulet of reflection (around neck)
Wands
 a - a wand of digging (7)
 o - a wand of mindburst (11)
 r - a wand of flame (31)
 C - a wand of paralysis (20)
Scrolls
 d - 2 scrolls of revelation
 f - a scroll of identify
 u - a scroll of enchant armour
 y - 5 scrolls of teleportation
 J - 3 scrolls of poison
 O - a scroll of fear
Potions
 b - 6 potions of magic
 e - a potion of berserk rage
 h - 2 potions of curing
 l - a potion of enlightenment {unknown}
 n - a potion of heal wounds
 q - a potion of degeneration {unknown}
 v - 4 potions of haste
 w - 2 potions of cancellation
 x - a potion of resistance {unknown}
 z - 8 potions of mutation
 A - a potion of lignification {unknown}
 D - 2 potions of brilliance {unknown}


   Skills:
 + Level 6.9 Fighting
 + Level 6.2 Armour
 + Level 6.7 Dodging
 - Level 1.7 Stealth
 + Level 2.9 Shields
 + Level 6.0 Spellcasting
 - Level 1.0 Conjurations
 - Level 4.0 Translocations
 + Level 3.1 Fire Magic
 + Level 7.4 Alchemy


You had 6 spell levels left.
You knew the following spells:

 Your Spells              Type           Power      Damage    Failure   Level
a - Sting                 Conj/Alch      68%        1d7       3%          1
b - Olgreb's Toxic Radia  Alch           26%        N/A       9%          4
c - Blink                 Tloc           32%        N/A       5%          2
d - Passage of Golubria   Tloc           16%        N/A       36%         4
e - Sticky Flame          Fire/Alch      20%        2d6       22%         4

Your spell library contained the following spells:

 Spells                   Type           Power      Damage    Failure   Level
 Lesser Beckoning         Tloc           32%        N/A       5%          2
 Mercury Vapours          Alch/Air       30%        N/A       6%          2
 Momentum Strike          Conj/Tloc      24%        3d8       11%         2
 Mephitic Cloud           Conj/Alch/Air  13%        N/A       19%         3
 Static Discharge         Conj/Air       12%        3-4/arc   24%         2
 Tukima's Dance           Hex            4%         N/A       50%         3
 Summon Blazeheart Golem  Fire/Summ      9%         N/A       71%         4
 Yara's Violent Unravell  Hex/Alch       7%         3d5       75%         5
 Airstrike                Air            2%         2d(1-17)  88%         4
 Summon Lightning Spire   Summ/Air       4%         N/A       88%         4
 Orb of Destruction       Conj           3%         9d5       100%        7
 Spellforged Servitor     Conj/Summ      3%         N/A       100%        7


Dungeon Overview and Level Annotations

Branches:
Dungeon (10/15)            Temple (0/1) D:4           Sewer (visited)
   Lair: D:8-11         Orc: D:9-12

Altars:
Fedhas
Nemelex Xobeh
Okawaru
Sif Muna
Uskayaw
Vehumet
Wu Jian

Shops:
D:2 :

Annotations:
D:5 3 runed translucent doors, jdlucas's ghost, novice MiBe
D:8 3 runed translucent doors, notthatgreg's ghost, novice DrSh


Innate Abilities, Weirdness & Mutations

You are surrounded by a mild repulsion field. (EV +2)
You sometimes emit foul miasma when damaged in melee.
Spells you cast may paralyse adjacent enemies.
You have a small tail.


Message History

The stone hits you but does no damage. Something barely misses you.
Something bites you.
Something draws strength from your injuries!
The kobold throws a stone.
You block the stone with an invisible shield... and reflect it back!
The stone barely misses the kobold.
A kobold is nearby!
Okay, then.
You miss something. Something hits you.
You emit a cloud of foul miasma!
Something closely misses you.
You miss something. Something hits you. Something bites you but does no damage.
Something hits you but does no damage. Something bites you.
Something draws strength from your injuries!
The kobold barely misses you.
You hit something. You block something's attack.
Something bites you but does no damage. The kobold hits you but does no damage.
You hit something. Something hits you! Something bites you!
Something draws strength from your injuries!
You block the kobold's attack. You block something's attack.
Something bites you but does no damage.
You closely miss the kobold.
Your tail-slap misses the kobold.
The kobold barely misses you. You block something's attack.
Something bites you.
Something draws strength from your injuries!
You block the kobold's attack.
You sock the kobold!
You kill the kobold!
The Council accepts your kill. You block something's attack.
Something barely misses you. You block something's attack.
Something barely misses you.
Things that are here:
a +0 whip; 2 stones; a +0 leather armour You hit something but do no damage.
Something hits you but does no damage. Something closely misses you.
Something hits you! Something bites you but does no damage.
You thump something! You tail-slap something. Something hits you!
* * * LOW HITPOINT WARNING * * *
Something barely misses you.
You sock something! Something draws life force from you!
You die...

#.. K...##....#
#.. ....##....#
#.. .V...#....##
#..##.....#.....#
#........#.....#
#...######.....#
##.#)...##.....#
#.............#
###.@{........#
###.........#
###......##
###....# ###....
##... ...


There were no monsters in sight!

Vanquished Creatures
  A two-headed ogre (D:7)
  Amaemon (D:9)
  An orange demon (D:9)
  A kobold demonologist (D:9)
  2 hornets
  A wraith (D:9)
  7 yaks
  4 steam dragons
  An acid dragon (D:10)
  2 water moccasins
  6 ice beasts
  An orc warrior (D:9)
  2 black bears
  2 sky beasts (D:7)
  2 centaurs
  A phantom (D:4)
  4 kobold brigands
  A gnoll sergeant (D:9)
  2 bullfrogs
  A scorpion (D:6)
  A wight (D:7)
  4 killer bees (D:8)
  3 howler monkeys
  2 bombardier beetles
  A hound (D:6)
  5 orc priests
  A sleepcap (D:7)
  Crazy Yiuf (D:2)
  Jessica (D:2)
  3 iguanas
  4 orc wizards
  3 gnolls (D:9)
  13 adders
  3 river rats (Sewer)
  4 ufetubi
  2 ribbon worms
  6 dart slugs
  23 orcs
  9 endoplasms
  9 giant cockroaches
  8 goblins
  7 hobgoblins
  10 jackals
  3 quokkas
  14 ball pythons
  5 bats
  8 frilled lizards
  24 kobolds
  35 rats
255 creatures vanquished.

Vanquished Creatures (collateral kills)
  A centaur (D:9)
1 creature vanquished.

Grand Total: 256 creatures vanquished

Notes
Turn   | Place    | Note
-------+----------+-------------------------------------------
     0 | D:1      | voltaire321 the Demonspawn Alchemist began the quest for
                  | the Orb.
     0 | D:1      | Reached XP level 1. HP: 13/13 MP: 3/3
   162 | D:1      | Gained mutation: You may rarely emit foul miasma when
                  | damaged in melee. [demonic ancestry]
   162 | D:1      | Reached XP level 2. HP: 20/20 MP: 1/5
   830 | D:1      | Reached skill level 1 in Fighting
   830 | D:1      | Reached XP level 3. HP: 26/26 MP: 6/6
  1072 | D:2      | Noticed Jessica
  1076 | D:2      | Killed Jessica
  1077 | D:2      | Reached skill level 1 in Armour
  1116 | D:2      | Gained mutation: You are surrounded by a mild repulsion
                  | field. (EV +2) [demonic ancestry]
  1116 | D:2      | Reached XP level 4. HP: 25/32 MP: 7/7
  1121 | D:2      | Found Pifigei's Book Shop.
  1387 | D:2      | Identified the +8 mace of Kigease {drain, ^Contam *Corrode
                  | +Blink rElec}
  1658 | D:2      | Found a runed translucent door.
  1659 | D:2      | Noticed Crazy Yiuf
  1667 | D:2      | Killed Crazy Yiuf
  2049 | D:3      | Found a glowing drain.
  2059 | D:3      | Reached XP level 5. HP: 36/38 MP: 9/9
  2069 | Sewer    | Entered a sewer
  2241 | Sewer    | Reached skill level 4 in Alchemy
  2241 | Sewer    | Reached XP level 6. HP: 3/46 MP: 10/10
  3131 | D:3      | Found a shimmering blue altar of Sif Muna.
  3150 | D:3      | Learned a level 4 spell: Olgreb's Toxic Radiance
  3383 | D:3      | Found a hide-covered altar of Uskayaw.
  3464 | D:3      | Reached XP level 7. HP: 52/52 MP: 12/12
  3909 | D:4      | Learned a level 2 spell: Blink
  4092 | D:4      | Found a blossoming altar of Fedhas.
  4095 | D:4      | Found an ornate altar of the Wu Jian Council.
  4098 | D:4      | Became a worshipper of the Wu Jian Council
  4465 | D:4      | Found a staircase to the Ecumenical Temple.
  4743 | D:5      | Entered Level 5 of the Dungeon
  4756 | D:5      | Found a runed translucent gate.
  4757 | D:5      | Found a runed translucent gate.
  4757 | D:5      | Noticed jdlucas's ghost (novice MiBe)
  4764 | D:5      | Found a runed translucent gate.
  4953 | D:5      | Reached skill level 1 in Translocations
  5249 | D:5      | Gained mutation: Spells you cast may paralyse adjacent
                  | enemies. [demonic ancestry]
  5249 | D:5      | Reached XP level 8. HP: 60/60 MP: 14/14
  5259 | D:5      | Reached skill level 5 in Alchemy
  5411 | D:5      | Reached * piety under Wu Jian
  5675 | D:5      | Identified the +7 chain mail "Humuosy" {*Slow rCorr Str+3}
  5918 | D:6      | Found an iron altar of Okawaru.
  6308 | D:6      | Found a sparkling altar of Nemelex Xobeh.
  6732 | D:7      | Reached skill level 5 in Spellcasting
  6732 | D:7      | Gained mutation: You have a small tail. [demonic ancestry]
  6732 | D:7      | Reached XP level 9. HP: 50/67 MP: 16/16
  6854 | D:7      | Noticed a two-headed ogre
  6915 | D:7      | Reached skill level 5 in Fighting
  6915 | D:7      | Reached skill level 5 in Dodging
  6915 | D:7      | Identified a scroll of acquirement
  6915 | D:7      | Acquired the ring "Pisies" {rElec rF+ rC+}
  6944 | D:7      | Learned a level 4 spell: Passage of Golubria
  7093 | D:7      | Killed a two-headed ogre
  7094 | D:7      | Reached skill level 6 in Alchemy
  7238 | D:7      | Reached skill level 5 in Armour
  7703 | D:8      | Learned a level 4 spell: Sticky Flame
  7715 | D:8      | Reached ** piety under Wu Jian
  7719 | D:8      | Paralysed by a hornet for 1 turns
  7957 | D:8      | Gained mutation: You sometimes emit foul miasma when
                  | damaged in melee. [demonic ancestry]
  7957 | D:8      | Reached XP level 10. HP: 74/76 MP: 18/18
  8062 | D:8      | Reached skill level 1 in Fire Magic
  8073 | D:8      | Reached skill level 1 in Shields
  8164 | D:8      | Found a runed translucent gate.
  8164 | D:8      | Found a runed translucent gate.
  8165 | D:8      | Found a runed translucent gate.
  8179 | D:8      | Noticed notthatgreg's ghost (novice DrSh)
  8594 | D:9      | Found a radiant altar of Vehumet.
  8901 | D:9      | Noticed Amaemon
  8901 | D:9      | Noticed an orange demon
  8965 | D:9      | Reached skill level 7 in Alchemy
  9057 | D:9      | Killed Amaemon
  9431 | D:9      | Killed an orange demon
  9910 | D:10     | Entered Level 10 of the Dungeon
  9973 | D:10     | Reached *** piety under Wu Jian
  9995 | D:10     | Killed from afar by a vampire

Illustrated notes

Levels and vault maps discovered:
D:1:      dpeg_arrival_ratfight, layout_basic, minivault_27, minmay_bisected
D:2:      layout_basic, serial_shops, shop, uniq_crazy_yiuf_cottage,
          uniq_jessica
D:3:      layout_basic, mainiacjoe_overflow_catwalk,
          mainiacjoe_overflow_six_doors_small, gup_sewer_entry_bubbles
D:4:      layout_basic, nicolae_overflow_squiral, minmay_temple_entry_fiery,
          dk_vineyard_1
D:5:      layout_loops_corners, gammafunk_ghost_split,
          chequers_serial_rivers_micro_e
D:6:      layout_rooms, okawaru_gym_becter, nemelex_spade_bored_becter
D:7:      kennysheep_spiral_hall, layout_basic
D:8:      layout_rooms, gammafunk_ghost_spectres
D:9:      layout_basic, nicolae_vehumet_radiance, uniq_amaemon
D:10:     minmay_the_grid_four_pointed_star_mashed
          [minmay_the_grid_triangle_9x9_corruption,
          minmay_the_grid_triangle_9x9_descending_squares,
          minmay_the_grid_triangle_9x9_from_above,
          minmay_the_grid_triangle_9x9_fully_insulated_deathbox,
          minmay_the_grid_prize_shrinking_boxes], layout_gridville,
          bloody_makhleb, lair_entry_dummy

Skill      XL: |  1  2  3  4  5  6  7  8  9 10 |
---------------+-------------------------------+-----
Dodging        | 2 3 4 5 6 |  6.7
Fighting       | 1 2 3 4 6 |  6.9
Armour         | 1 2 3 4 5 6 |  6.2
Spellcasting   | 3 4 5 6 |  6.0
Alchemy        | 4 5 6 7 |  7.4
Translocations | 1 2 4 |  4.0
Fire Magic     | 3 |  3.1
Shields        | 2 |  2.9
Stealth        | |  1.7
Conjurations   | |  1.0

Action                     |  1- 3 |  4- 6 |  7- 9 | 10-12 || total
---------------------------+-------+-------+-------+-------++-------
  Melee: Hand axe          |    47 |     5 |       |       ||    52
         Punch             |     1 |       |     6 |       ||     7
         Mace              |       |   185 |   232 |   142 ||   559
         Tailslap          |       |       |    11 |    27 ||    38
   Cast: Sting             |    35 |     8 |     3 |    10 ||    56
         Olgreb's Toxic Ra |       |       |     2 |     5 ||     7
         Blink             |       |       |     1 |     2 ||     3
Ability: Lunge             |       |       |    18 |     9 ||    27
         Whirlwind         |       |       |       |     5 ||     5
  Evoke: Wand              |       |       |       |     1 ||     1
    Use: Scroll            |       |       |    14 |    10 ||    24
         Potion            |       |       |     1 |     6 ||     7
   Stab: Sleeping          |     2 |     2 |     5 |     1 ||    10
         Distracted        |     1 |       |     1 |       ||     2
         Paralysed         |       |       |       |     6 ||     6
 Armour: Robe              |    28 |   125 |   100 |       ||   253
         Steam dragon scal |       |       |    52 |   117 ||   169
  Dodge: Dodged            |    36 |   208 |   251 |   127 ||   622
  Block: Other             |       |       |    56 |       ||    56
         Reflection        |       |       |     2 |     5 ||     7
         Buckler           |       |       |     1 |   105 ||   106

Table legend: (Time is in decaauts)
 A = Elapsed time spent in this place.
 B = Non-inter-level travel time spent in this place.
 C = Inter-level travel time spent in this place.
 D = Time resting spent in this place.
 E = Time spent auto-exploring this place.
 F = Levels seen in this place.
 G = Mean time per level.
                   A        B        C        D        E       F      G
               +--------+--------+--------+--------+--------+-----+--------+
         Total |  10299 |  10104 |    195 |   1832 |   5779 |  11 |  936.3 |
       Dungeon |   9227 |   9032 |    195 |   1474 |   5376 |  10 |  922.7 |
         Sewer |   1072 |   1072 |      0 |    358 |    402 |   1 | 1072.0 |
               +--------+--------+--------+--------+--------+-----+--------+

Top non-repeatable levels by time:
     D:7: 1211 daAuts
     D:5: 1191 daAuts
     D:8: 1144 daAuts
     D:9: 1138 daAuts
     D:4: 1132 daAuts
     D:1: 1118 daAuts
   Sewer: 1072 daAuts
     D:3: 797 daAuts
     D:2: 787 daAuts
     D:6: 611 daAuts
    D:10: 93 daAuts
